Map: Dusty Gorge

Players

nOx

  • Race: Zerg Zerg
  • League: Diamond
  • Spawn Location: 9:00

Shadow

  • Race: Terran Terran
  • Spawn Location: 11:00

Massa - Winner!

  • Race: Terran Terran
  • League: Gold
  • Spawn Location: 3:00

qqq - Winner!

  • Race: Zerg Zerg
  • League: Platinum
  • Spawn Location: 5:00

VOD

Have the link to the VOD?

Description

Time

  • Played on: May 28, 2020, 4:11 a.m.
  • Length: 6:10
Show
View Real Time Build Order
Export as new Build Order

nOx Zerg 

Build Orders: Hatch First 

Get SALT Encoding   

  12  0:00  Drone  
  13  0:12  Overlord  
  13  0:18  Drone  
  14  0:31  Drone x2  
  14  0:34  Drone  
  17  0:58  Drone  
  17  0:59  Hatchery  
  17  1:04  Drone  
  17  1:05  Extractor  
  17  1:19  Spawning Pool  
  17  1:24  Drone  
  17  1:25  Drone  
  18  1:31  Drone  
  19  1:39  Overlord  
  19  1:49  Drone  
  20  2:04  Drone  
  20  2:06  Queen  
  20  2:08  Metabolic Boost  
  23  2:12  Queen  
  25  2:17  Drone  
  25  2:19  Drone  
  27  2:23  Zergling x2  
  27  2:26  Zergling x2  
  29  2:32  Drone  
  29  2:36  Extractor  
  29  2:49  Queen  
  31  2:51  Drone  
  31  2:52  Drone x2  
  31  2:56  Queen  
  36  3:00  Overlord  
  36  3:06  Overlord  
  36  3:20  Drone  
  36  3:21  Drone x5  
  42  3:30  Zergling x2  
  42  3:31  Zergling x6  
  46  3:37  Spine Crawler  
  45  3:50  Overlord x2  
  45  3:54  Overlord  
  45  4:05  Overlord x2  
  45  4:06  Overlord  
  45  4:07  Queen  
  42  4:33  Zergling x2  
  42  4:34  Zergling x10  
  41  4:39  Zergling x8  
  41  4:44  Zergling x2  
  46  4:51  Zergling x2  
  43  4:54  Queen  
  44  5:20  Drone x7  
  51  5:21  Roach Warren  
  50  5:30  Queen  
  50  5:35  Zergling x8  
  44  5:40  Zergling x2  
  42  5:49  Zergling x2  
  38  5:50  Zergling x2  
Show
View Real Time Build Order
Export as new Build Order

Shadow Terran 

Build Orders:  

Get SALT Encoding   

  12  0:00  SCV  
  13  0:13  SCV  
  14  0:18  Supply Depot  
  14  0:25  SCV  
  15  0:31  Refinery  
  15  0:46  SCV  
  15  0:47  Barracks  
  16  0:58  SCV  
  17  1:08  Barracks  
  17  1:10  SCV  
  18  1:22  SCV  
  18  1:24  Refinery  
  19  1:36  Factory  
  19  1:39  SCV  
  20  1:48  Marine  
  20  1:51  SCV  
  22  1:56  Marine  
  23  2:01  Supply Depot  
  23  2:11  Orbital Command  
  23  2:24  Marine  
  23  2:25  Marine  
  23  2:28  Factory Tech Lab  
  25  2:34  Armory  
  26  2:37  SCV  
  26  2:42  Marine  
  26  2:43  Marine  
  28  2:52  Siege Tank  
  31  3:09  Supply Depot  
  31  3:22  Command Center  
  31  3:31  Marine x2  
  33  3:48  Marine  
  33  3:49  Marine  
  35  3:57  Siege Tank  
  35  4:02  Factory  
  38  4:06  Marine  
  39  4:14  Supply Depot  
  39  4:20  Supply Depot  
  39  4:30  Marine  
  35  4:35  Marine  
  32  4:40  Hellion  
  30  4:48  Marine  
  28  4:53  Marine  
  28  4:56  Hellion  
  30  5:06  Marine  
  29  5:10  Marine  
  30  5:15  Orbital Command  
  30  5:23  SCV  
  30  5:24  Marine  
  30  5:26  Factory Reactor  
  32  5:28  Marine  
  32  5:35  SCV  
  34  5:42  Marine  
  33  5:47  Marine  
Show
View Real Time Build Order
Export as new Build Order

Massa Terran - Winner!

Build Orders:  

Get SALT Encoding   

  12  0:12  Supply Depot  
  12  0:14  SCV  
  13  0:26  SCV  
  14  0:44  SCV  
  14  0:48  Barracks  
  15  0:54  Refinery  
  15  0:56  SCV  
  16  1:03  Supply Depot  
  16  1:08  SCV  
  17  1:21  SCV  
  18  1:33  SCV  
  18  1:39  Barracks  
  19  1:42  Reaper  
  19  1:45  SCV  
  21  1:47  Refinery  
  21  1:57  SCV  
  22  2:07  Barracks  
  22  2:10  SCV  
  23  2:17  Marine  
  23  2:26  Orbital Command  
  23  2:34  Supply Depot  
  23  2:35  Marine  
  24  2:41  Supply Depot  
  24  2:57  Marine x2  
  24  2:58  Marine  
  27  3:15  Marine x2  
  29  3:26  Marine  
  30  3:29  Barracks  
  30  3:33  Marine x2  
  32  3:50  Marine  
  32  3:51  Marine x2  
  34  4:07  Marine  
  34  4:09  Marine x2  
  37  4:13  Supply Depot  
  37  4:17  SCV  
  37  4:21  Marine  
  36  4:25  Marine  
  36  4:26  Marine  
  36  4:27  Marine  
  39  4:38  Marine  
  39  4:43  Marine  
  39  4:44  Marine x2  
  38  4:56  Marine  
  34  5:01  Marine  
  34  5:02  Marine x2  
  37  5:09  Factory  
  37  5:14  Marine, Command Center  
  37  5:19  Marine  
  37  5:20  Marine x2  
  41  5:22  SCV  
  41  5:23  Engineering Bay  
  42  5:32  Marine  
  42  5:34  SCV  
  44  5:36  Marine  
  44  5:38  Marine x2  
  47  5:46  SCV  
Show
View Real Time Build Order
Export as new Build Order

qqq Zerg - Winner!

Build Orders: Hatch First 

Get SALT Encoding   

  12  0:02  Drone  
  13  0:11  Drone  
  14  0:36  Hatchery  
  13  0:53  Spawning Pool  
  12  0:59  Overlord  
  12  1:04  Drone  
  12  1:08  Drone  
  14  1:12  Extractor  
  14  1:15  Drone  
  14  1:23  Drone  
  15  1:38  Drone  
  16  1:41  Queen  
  18  1:50  Queen  
  20  1:55  Drone  
  21  2:02  Drone  
  22  2:12  Drone, Zergling x2  
  22  2:13  Zergling x2  
  25  2:19  Metabolic Boost  
  25  2:29  Drone x2  
  27  2:34  Overlord  
  27  2:38  Zergling x2  
  28  2:49  Zergling x2, Baneling Nest  
  28  2:52  Drone  
  28  2:54  Zergling x2  
  30  2:59  Overlord  
  30  3:05  Zergling x2  
  31  3:06  Drone  
  31  3:11  Zergling x2  
  33  3:19  Zergling x2  
  34  3:20  Zergling x4  
  34  3:22  Zergling x2  
  37  3:34  Zergling x4  
  37  3:35  Drone, Zergling x2  
  41  3:41  Baneling x4  
  41  3:42  Baneling x2  
  41  3:44  Baneling  
  41  3:46  Zergling x2  
  42  3:49  Drone  
  42  3:54  Overlord  
  43  3:59  Zergling x2  
  44  4:03  Overlord  
  44  4:13  Overlord  
  44  4:16  Zergling x6  
  47  4:22  Zergling x4  
  44  4:38  Zergling x8  
  40  4:39  Zergling x6  
  40  4:41  Drone  
  43  5:00  Zergling x4  
  43  5:10  Baneling x7  
  43  5:11  Baneling  
  43  5:12  Zergling x6  
  43  5:13  Zergling x4  
  37  5:46  Zergling x2  
  37  5:47  Zergling x12  
  37  5:48  Zergling x2  
Tags
 
Add a new tag
Caveats
  • Supply blocks, unpowered buildings, or Contaminate may cause inaccurate times.
  • Supply counts are checked every 10 seconds.